 Dungeon Crawl Stone Soup version 0.21.1-1-g345015fe64 (webtiles) character file.

203504 Norrik the Fencer (level 17, -6/161 HPs)
             Began as a Minotaur Monk on Apr 27, 2018.
             Was the Champion of Okawaru.
             Killed from afar by Nikola (12 damage)
             ... with a chain lightning
             ... on level 2 of the Elven Halls on Apr 28, 2018.
             The game lasted 02:43:31 (37677 turns).

Norrik the Fencer (Minotaur Monk)                  Turns: 37677, Time: 02:43:34

Health: -6/161     AC: 39    Str: 23    XL:     17   Next: 98%
Magic:  19/21      EV: 13    Int:  7    God:    Okawaru [******]
Gold:   667        SH: 20    Dex: 13    Spells: 16/16 levels left

rFire    + + +     SeeInvis +   U - +10 double sword "Maet" {slice, rC+ SInv}
rCold    + + +     Gourm    .   a - +0 shield "Kiarphij" {+Inv MR+ rCorr}
rNeg     + . .     Faith    .   W - +9 scales of the Dragon King {rPois rF+ rC+ MR+}
rPois    +         Spirit   .   (helmet restricted)
rElec    .         Reflect  +   F - scarf {rC+ rF+}
rCorr    +         Harm     .   j - +3 pair of gloves of Nalol {Slay+3}
MR       +++..                  P - +0 pair of boots
Stlth    ..........             D - +5 amulet of reflection
HPRegen  0.36/turn              l - ring of protection from fire
MPRegen  0.17/turn              V - ring of positive energy

@: heroism
A: retaliatory headbutt, horns 2
}: 1/15 runes: gossamer
a: Heroism, Finesse, Renounce Religion, Evoke Invisibility


You were on level 2 of the Elven Halls.
You worshipped Okawaru.
Okawaru was exalted by your worship.
You were not hungry.

You visited 6 branches of the dungeon, and saw 30 of its levels.
You also visited: Labyrinth, Sewer and Ice Cave.

You collected 2674 gold pieces.
You spent 2007 gold pieces at shops.

Inventory:

Hand Weapons
 K - a +1 triple sword of holy wrath
 U - the +10 double sword "Maet" (weapon) {slice, rC+ SInv}
   (Okawaru gifted it to you on level 15 of the Dungeon)

   It inflicts extra damage upon your enemies.
   It protects you from cold.
   It lets you see invisible.
 X - a +4 scimitar of flaming
Armour
 a - the +0 shield "Kiarphij" (worn) {+Inv MR+ rCorr}
   (Okawaru gifted it to you on level 12 of the Dungeon)

   It affects your resistance to hostile enchantments.
   It lets you turn invisible.
   It protects you from acid and corrosion.
 j - the +3 pair of gloves of Nalol (worn) {Slay+3}
   (Okawaru gifted it to you on level 4 of the Spider Nest)

   It affects your accuracy and damage with ranged weapons and melee attacks
   (+3).
 F - a scarf of resistance (worn)
 P - a +0 pair of boots (worn)
 W - the +9 scales of the Dragon King (worn) {rPois rF+ rC+ MR+}
   (You bought it in a shop on level 2 of the Elven Halls)

   It protects you from fire.
   It protects you from cold.
   It protects you from poison.
   It affects your resistance to hostile enchantments.
Jewellery
 d - an uncursed amulet of regeneration
 l - a ring of protection from fire (left hand)
 m - an uncursed ring of positive energy
 D - a +5 amulet of reflection (around neck)
 V - a ring of positive energy (right hand)
Wands
 g - a wand of random effects (28)
 n - a wand of flame (69)
 v - a wand of acid (27)
 z - a wand of iceblast (16)
 B - a wand of digging (36)
 C - a wand of clouds (3)
 H - a wand of enslavement (6)
 I - a wand of polymorph (41)
 O - a wand of paralysis (13)
 Q - a wand of disintegration (13)
 T - a wand of scattershot (4)
Scrolls
 e - 6 scrolls of immolation
 k - 6 scrolls of teleportation
 p - 5 scrolls of remove curse
 q - 4 scrolls of fear
 s - 6 scrolls of magic mapping
 t - 5 scrolls of amnesia
 A - 7 scrolls of blinking
 J - 5 scrolls of identify
 L - 3 scrolls of fog
 R - 4 scrolls of enchant armour
Potions
 b - 6 potions of haste
 f - 2 potions of mutation
 h - 6 potions of resistance
 i - 6 potions of ambrosia
 o - a potion of cancellation
 r - 3 potions of might
 w - 4 potions of flight
 x - 9 potions of lignification
 G - 5 potions of curing
 M - a potion of berserk rage
 N - 2 potions of agility
 S - 2 potions of magic
 Y - a potion of heal wounds
Miscellaneous
 y - a box of beasts
 E - a sack of spiders
 Z - a lamp of fire
Comestibles
 c - 42 rations
 u - 3 chunks of flesh


   Skills:
 + Level 17.1(22.1) Fighting
 - Level 20.0(25.0) Long Blades
 + Level 16.6(21.6) Armour
 + Level 12.5(17.5) Dodging
 - Level 1.5(6.5) Stealth
 + Level 12.7(17.7) Shields
 - Level 6.0 Invocations
 + Level 7.1 Evocations


You had 16 spell levels left.
You didn't know any spells.

Dungeon Overview and Level Annotations

Branches:
Dungeon (15/15)            Temple (1/1) D:4            Lair (6/6) D:11
 Shoals (0/4) Lair:2       Spider (4/4) Lair:4        Slime (0/5) Lair:6
    Orc (2/2) D:10            Elf (2/3) Orc:2        Vaults (0/5) D:13
 Depths (0/5) D:15

Altars:
Ashenzari
Cheibriados
Dithmenos
Elyvilon
Fedhas
Gozag
Hepliaklqana
Kikubaaqudgha
Makhleb
Nemelex Xobeh
Okawaru
Qazlal
Ru
Sif Muna
Trog
Uskayaw
Vehumet
Wu Jian
Xom
Yredelemnul
Zin
The Shining One
Jiyva
Lugonu

Shops:
D:7 !   D:8 (   D:12 :   Orc:2 =(=:   Elf:1 *   Elf:2 [

Annotations:
Elf:2 Nikola


Innate Abilities, Weirdness & Mutations

You reflexively headbutt those who attack you in melee.
You have a pair of horns on your head.


Message History

Nikola mumbles some strange words.
Nikola blinks!
You see here a scroll of identify.
Nikola mumbles some strange words.
You hear a mighty clap of thunder!
The lightning arc hits you!
The lightning arc hits Nikola.
The lightning arc hits you!
* * * LOW HITPOINT WARNING * * *
The lightning arc hits Nikola.
The lightning arc hits you!
* * * LOW HITPOINT WARNING * * *
The lightning arc grounds out.
There is an open door here.
You feel much better.
You gain the combat prowess of a mighty hero.
Nikola mumbles some strange words.
You hear a mighty clap of thunder!
The lightning arc hits you!
* * * LOW HITPOINT WARNING * * *
The lightning arc hits Nikola.
The lightning arc hits you!
You die...

#.# #.# #.....## #.#
##'###....### #.#
##....#....... #.#
##..........### #@#
##...<.......... #.#
##>.............. ##.#
#................
#.?###.........(......
#...@@................
#.####................
#$ #................
#. #................
#. #................
#> ##...............
#. +#############+ #.


You could see Nikola.

Vanquished Creatures
  Arachne (Spider:3)
  Rupert (D:15)
  Asterion (Elf:1)
  Kirke (Lair:6)
  Gastronok (D:11)
  Roxanne (D:15)
  Donald (Spider:1)
  7 emperor scorpions
  3 ghost moths (Spider:4)
  An entropy weaver (Spider:4)
  Snorg (Lair:3)
  Josephine (D:11)
  A minotaur (Lab)
  2 deep elf death magi (Elf:1)
  4 vault guards
  A yaktaur captain (D:15)
  9 hydras
  3 catoblepae (Lair:6)
  10 two-headed ogres
  An ogre mage (Orc:2)
  4 centaur warriors
  5 dancing weapons
  A tengu warrior (D:11)
  10 death yaks (Lair:6)
  Urug (Lair:3)
  3 orc high priests (Orc:2)
  4 deep elf knights
  3 unseen horrors
  4 deep elf archers
  4 orc knights (Orc:2)
  A wolf spider zombie (D:15)
  A necromancer (IceCv)
  11 ugly things
  3 orc sorcerers (Orc:2)
  26 deep elf magi
  4 oklob plants (Lair:4)
  20 orb spiders
  20 wolf spiders
  5 cyclopes
  4 manticores
  2 moths of wrath
  2 merfolk sirens (Lair:2)
  A torpor snail (Spider:1)
  4 black mambas
  3 ice statues (IceCv)
  Psyche (D:11)
  11 elephants
  An orange demon (D:11)
  8 spiny frogs
  2 efreet (D:13)
  2 yaktaurs (D:15)
  4 kobold demonologists
  A rime drake (Lair:5)
  8 ice devils (IceCv)
  10 komodo dragons
  A red devil (D:11)
  10 demonic crawlers
  7 trolls
  3 meliai (D:15)
  A polar bear (Lair:6)
  28 jumping spiders
  8 blink frogs
  2 merfolk (Lair:2)
  3 slime creatures (D:15)
  4 hornets
  Prince Ribbit (D:7)
  A snapping turtle (shapeshifter) (D:15)
  6 hippogriffs
  A spriggan (D:11)
  An air elemental (Elf:2)
  59 redbacks
  5 wraiths (D:11)
  42 yaks
  4 hogs
  21 tarantellas
  A yak (shapeshifter) (Elf:1)
  3 water elementals
  3 wyverns
  A shadow (D:13)
  A vampire (D:10)
  A fire bat (shapeshifter) (D:14)
  3 fire elementals
  13 vampire mosquitoes
  8 basilisks
  A hungry ghost (D:7)
  A steam dragon (D:10)
  A warg (Orc:2)
  Menkaure (D:5)
  2 acid dragons
  2 soldier ants
  16 water moccasins
  8 porcupines
  7 ice beasts
  25 orc warriors
  3 boggarts (D:15)
  A necrophage (D:13)
  A phantom (D:14)
  3 sky beasts
  6 wolves
  7 ogres
  An eye of draining (D:15)
  15 centaurs
  6 big kobolds
  17 crocodiles
  An earth elemental (Elf:1)
  9 bullfrogs
  A wyvern zombie (D:11)
  2 wyvern skeletons
  7 scorpions
  2 water moccasin skeletons
  2 electric eels
  8 howler monkeys
  A centaur zombie (D:5)
  6 crimson imps
  4 draconian simulacra (IceCv)
  3 bullfrog zombies
  9 hounds
  2 quasits
  5 centaur skeletons
  A gnoll shaman (D:9)
  A jelly (D:13)
  17 orc priests
  3 iron imps (D:11)
  27 orc wizards
  Ijyb (D:5)
  5 iguanas
  A spriggan simulacrum (IceCv)
  A troll simulacrum (IceCv)
  15 worker ants
  2 centaur simulacra (IceCv)
  2 hound zombies (D:5)
  2 worker ant zombies
  A howler monkey zombie (D:5)
  9 adders
  9 gnolls
  2 river rats (Sewer)
  A naga simulacrum (IceCv)
  An ogre simulacrum (IceCv)
  3 shadow imps
  12 white imps (D:13)
  2 oozes
  An adder zombie (D:6)
  A dart slug (D:4)
  6 leopard geckos
  82 orcs
  6 bats
  3 giant cockroaches
  6 goblins
  7 hobgoblins
  6 jackals
  35 kobolds
  5 quokkas
  2 ball pythons (D:3)
  7 frilled lizards
  A jackal zombie (D:6)
  10 rats
  A fungus (Elf:1)
970 creatures vanquished.

Vanquished Creatures (others)
  A redback (Spider:2)
  A human (Lair:6)
  A centaur (D:12)
  A kobold (D:12)
  5 bushes
  33 fungi
  32 plants
74 creatures vanquished.

Grand Total: 1044 creatures vanquished

Notes
Turn   | Place    | Note
-------+----------+-------------------------------------------
     0 | D:1      | Norrik the Minotaur Monk began the quest for the Orb.
     0 | D:1      | Reached XP level 1. HP: 19/19 MP: 0/0
   129 | D:1      | Reached skill level 4 in Long Blades
   132 | D:1      | Reached XP level 2. HP: 27/27 MP: 1/1
   190 | D:1      | Reached skill level 1 in Armour
   815 | D:2      | Reached XP level 3. HP: 27/33 MP: 2/2
  1272 | D:3      | Noticed a centaur
  1283 | D:3      | Killed a centaur
  1283 | D:3      | Reached skill level 5 in Long Blades
  1283 | D:3      | Reached XP level 4. HP: 12/41 MP: 3/3
  1576 | D:3      | Reached XP level 5. HP: 41/47 MP: 4/4
  1761 | D:3      | Found a sparkling altar of Nemelex Xobeh.
  1762 | D:3      | Found an opulent altar of Gozag.
  1835 | D:3      | Reached skill level 6 in Long Blades
  2050 | D:4      | Reached skill level 5 in Fighting
  2096 | D:4      | Reached XP level 6. HP: 56/56 MP: 5/5
  2301 | D:4      | Found a staircase to the Ecumenical Temple.
  2657 | D:4      | Reached skill level 7 in Long Blades
  2723 | Temple   | Entered the Ecumenical Temple
  2940 | D:5      | Entered Level 5 of the Dungeon
  3008 | D:5      | Reached XP level 7. HP: 40/62 MP: 6/6
  3040 | D:5      | Found a glowing drain.
  3049 | Sewer    | Entered a sewer
  3341 | Sewer    | Found a white marble altar of Elyvilon.
  3445 | D:5      | Reached skill level 8 in Long Blades
  3460 | D:5      | Found a stormy altar of Qazlal.
  3464 | D:5      | Noticed a water elemental
  3505 | D:5      | Found a shadowy altar of Dithmenos.
  3854 | D:5      | Reached skill level 5 in Armour
  4204 | D:5      | Reached XP level 8. HP: 58/71 MP: 7/7
  4227 | D:5      | Found a shimmering altar of Xom.
  4228 | D:5      | Found a hazy altar of Hepliaklqana.
  4229 | D:5      | Noticed a spectral ugly thing
  4310 | D:5      | Noticed Menkaure
  4318 | D:5      | Killed Menkaure
  4318 | D:5      | Reached skill level 9 in Long Blades
  4766 | D:5      | Noticed Ijyb
  4784 | D:5      | Killed Ijyb
  5216 | D:5      | Noticed an air elemental
  5472 | D:6      | Reached skill level 10 in Long Blades
  5557 | D:6      | Found a basalt altar of Yredelemnul.
  5686 | D:6      | Found a sacrificial altar of Ru.
  5977 | D:6      | Found a deep blue altar of Sif Muna.
  6139 | D:7      | Reached XP level 9. HP: 63/81 MP: 8/8
  6153 | D:7      | Paralysed by fainting for 12 turns
  6253 | D:7      | Found Zoyxia's Distillery.
  6274 | D:7      | Reached skill level 11 in Long Blades
  6638 | D:7      | Noticed Prince Ribbit
  6649 | D:7      | Killed Prince Ribbit
  6872 | D:7      | Found a flagged portal.
  7156 | D:7      | Reached skill level 12 in Long Blades
  7208 | D:7      | Found an ornate altar of the Wu Jian Council.
  7209 | D:7      | Found an iron altar of Okawaru.
  7209 | D:7      | Found a bloodstained altar of Trog.
  7218 | D:7      | Became a worshipper of Warmaster Okawaru
  7218 | D:7      | Reached * piety under Okawaru
  7218 | D:7      | Reached ** piety under Okawaru
  8129 | D:8      | Found Baisibb's Weapon Shop.
  8245 | D:8      | Found a white marble altar of Elyvilon.
  8308 | D:8      | You fall through a shaft!
  8425 | D:9      | Reached XP level 10. HP: 19/91 MP: 6/9
  8649 | D:8      | Noticed a two-headed ogre
  8665 | D:8      | Killed a two-headed ogre
  8665 | D:8      | Reached *** piety under Okawaru
  9348 | D:9      | Noticed a two-headed ogre
  9367 | D:9      | Killed a two-headed ogre
  9367 | D:9      | Reached skill level 10 in Fighting
  9367 | D:9      | Reached skill level 13 in Long Blades
  9367 | D:9      | Reached skill level 1 in Invocations
  9493 | D:9      | Noticed a two-headed ogre
  9507 | D:9      | Killed a two-headed ogre
  9507 | D:9      | Reached **** piety under Okawaru
  9606 | D:9      | Found a burning altar of Makhleb.
  9607 | D:9      | Found a radiant altar of Vehumet.
  9821 | D:10     | Entered Level 10 of the Dungeon
 10483 | D:10     | Found a staircase to the Orcish Mines.
 10574 | D:10     | Noticed a two-headed ogre
 10587 | D:10     | Killed a two-headed ogre
 10587 | D:10     | Reached ***** piety under Okawaru
 10587 | D:10     | Reached skill level 1 in Shields
 10587 | D:10     | Reached XP level 11. HP: 57/101 MP: 12/12
 11060 | D:11     | Reached skill level 14 in Long Blades
 11503 | D:11     | Noticed Psyche
 11515 | D:11     | Killed Psyche
 11542 | D:11     | Reached skill level 10 in Armour
 11559 | D:11     | Noticed a five-headed hydra
 11584 | D:11     | Killed an eight-headed hydra
 11975 | D:11     | Received a gift from Okawaru
 12032 | D:11     | Found a corrupted altar of Lugonu.
 12063 | D:11     | Noticed an unseen horror
 12756 | D:11     | Noticed a tengu warrior
 12757 | D:11     | Noticed Josephine
 12786 | D:11     | Killed a tengu warrior
 12806 | D:11     | Killed Josephine
 12806 | D:11     | Reached skill level 15 in Long Blades
 13180 | D:11     | Reached skill level 5 in Invocations
 13436 | D:11     | Reached XP level 12. HP: 75/110 MP: 14/14
 13626 | D:11     | Found a staircase to the Lair.
 13666 | D:11     | Noticed Gastronok
 13694 | D:11     | Killed Gastronok
 14047 | D:12     | Found Wompol's Book Shoppe.
 14108 | D:12     | Noticed a seven-headed hydra
 14121 | D:12     | Killed a seven-headed hydra
 14340 | D:12     | Noticed a six-headed hydra
 14348 | D:12     | Killed a six-headed hydra
 14348 | D:12     | Reached skill level 16 in Long Blades
 14473 | D:12     | Reached ****** piety under Okawaru
 14538 | D:12     | Received a gift from Okawaru
 14541 | D:12     | Got a steaming shield {god gift}
 14552 | D:12     | Identified the +0 shield "Kiarphij" {+Inv MR+ rCorr} (Okawaru gifted it to you on level 12 of the Dungeon)
 14977 | D:13     | Noticed a two-headed ogre
 14982 | D:13     | Noticed a centaur warrior
 14990 | D:13     | Killed a two-headed ogre
 15004 | D:13     | Killed a centaur warrior
 15029 | D:13     | Found a gate to the Vaults.
 15029 | D:13     | Noticed a vault guard
 15029 | D:13     | Noticed a vault guard
 15029 | D:13     | Noticed a vault guard
 15029 | D:13     | Noticed a vault guard
 15154 | D:12     | Killed a vault guard
 15174 | D:12     | Killed a vault guard
 15316 | D:12     | Killed a vault guard
 15490 | D:13     | Killed a vault guard
 15503 | D:13     | Reached XP level 13. HP: 77/119 MP: 16/16
 15717 | D:13     | Found a frozen archway.
 15725 | IceCv    | Entered an ice cave
 15761 | IceCv    | Reached skill level 5 in Dodging
 15997 | IceCv    | Reached skill level 17 in Long Blades
 17752 | D:13     | Reached skill level 5 in Shields
 17752 | D:13     | Reached XP level 14. HP: 129/129 MP: 17/17
 18449 | D:14     | Reached skill level 18 in Long Blades
 18601 | D:14     | Received a gift from Okawaru
 18884 | D:14     | Found a snail-covered altar of Cheibriados.
 19665 | D:14     | Found an ornate altar of the Wu Jian Council.
 19667 | D:14     | Found a blossoming altar of Fedhas.
 19667 | D:14     | Found a shimmering altar of Xom.
 19669 | D:14     | Found an iron altar of Okawaru.
 19669 | D:14     | Found a glowing silver altar of Zin.
 19669 | D:14     | Found a shattered altar of Ashenzari.
 19884 | D:15     | Entered Level 15 of the Dungeon
 19961 | D:15     | Noticed Rupert
 19962 | D:15     | Paralysed by Rupert for 2 turns
 19986 | D:15     | Killed Rupert
 20832 | D:15     | Received a gift from Okawaru
 20835 | D:15     | Got a blackened double sword {god gift}
 20888 | D:15     | Identified the +10 double sword "Maet" {slice, rC+ SInv} (Okawaru gifted it to you on level 15 of the Dungeon)
 21088 | D:15     | Reached XP level 15. HP: 93/138 MP: 7/18
 21435 | D:15     | Noticed Roxanne
 21449 | D:15     | Killed Roxanne
 21858 | D:15     | Identified the Catalogue of Feathers and Cold
 21928 | D:15     | Found a staircase to the Depths.
 22001 | D:15     | Identified a scroll of acquirement
 22131 | Orc:1    | Entered Level 1 of the Orcish Mines
 22366 | Orc:2    | Entered Level 2 of the Orcish Mines
 22414 | Orc:2    | Found a staircase to the Elven Halls.
 22440 | Orc:2    | Received a gift from Okawaru
 22470 | Orc:2    | Reached skill level 19 in Long Blades
 23762 | Orc:2    | Found Romaat's Book Shoppe.
 23762 | Orc:2    | Found Furamuiv's Jewellery Shop.
 23764 | Orc:2    | Found Zuwnumom's Jewellery Shoppe.
 23764 | Orc:2    | Found Qidur's Antique Weapon Shop.
 23785 | Orc:2    | Bought an uncursed ring of poison resistance for 260 gold pieces
 24280 | Lair:1   | Entered Level 1 of the Lair of Beasts
 24813 | Lair:1   | Received a gift from Okawaru
 25171 | Lair:2   | Found a staircase to the Shoals.
 26061 | Lair:3   | Noticed Urug
 26071 | Lair:3   | Killed Urug
 26510 | Lair:3   | Noticed Snorg
 26515 | Lair:3   | Killed Snorg
 26704 | Lair:4   | Found a labyrinth entrance.
 26713 | Lab      | Entered a labyrinth
 26883 | Lab      | Identified the +1 plate armour of Whack-A-Mole {rF+ rC+ Str+2} (You found it in a labyrinth)
 26906 | Lair:4   | Found a hole to the Spider Nest.
 27082 | Lair:4   | Received a gift from Okawaru
 27085 | Lair:4   | Identified the +1 scimitar of Fortitude {drain, rElec rF+} (Okawaru gifted it to you on level 4 of the Lair of Beasts)
 27748 | Lair:4   | Reached skill level 15 in Fighting
 27878 | Lair:5   | Reached XP level 16. HP: 136/149 MP: 19/19
 27909 | Lair:5   | Found an ancient bone altar of Kikubaaqudgha.
 28217 | Lair:5   | Reached skill level 20 in Long Blades
 28560 | Lair:5   | Received a gift from Okawaru
 28621 | Lair:6   | Entered Level 6 of the Lair of Beasts
 28965 | Lair:6   | Reached skill level 10 in Dodging
 29720 | Lair:6   | Reached skill level 10 in Shields
 29724 | Lair:6   | Noticed Kirke
 29931 | Lair:6   | Killed Kirke
 29939 | Lair:6   | Reached skill level 15 in Armour
 30038 | Lair:6   | Found a viscous altar of Jiyva.
 30039 | Lair:6   | Found a staircase to the Slime Pits.
 30401 | Spider:1 | Entered Level 1 of the Spider Nest
 30682 | Spider:1 | Got a coiled sapphire amulet
 30683 | Spider:1 | Identified the amulet "Leneymahawk" {RegenMP -Tele MR+ Str+3 Stlth+} (You acquired it on level 1 of the Spider Nest)
 30761 | Spider:1 | Received a gift from Okawaru
 30768 | Spider:1 | Noticed Donald
 30781 | Spider:1 | Killed Donald
 31930 | Spider:2 | Got a pair of ichor-stained gloves
 31941 | Spider:2 | Identified the cursed +0 pair of gloves "Atifomeh" {Int-5 Dex+5} (You found it on level 2 of the Spider Nest)
 32175 | Spider:2 | Identified the Reference Book on the Scorching Escort
 32729 | Spider:3 | Reached skill level 5 in Evocations
 32748 | Spider:3 | Reached XP level 17. HP: 158/158 MP: 20/20
 32927 | Spider:3 | Noticed Arachne
 32946 | Spider:3 | Killed Arachne
 33352 | Spider:4 | Entered Level 4 of the Spider Nest
 33625 | Spider:4 | Received a gift from Okawaru
 34878 | Spider:4 | Received a gift from Okawaru
 34996 | Spider:4 | Got a pair of polished gloves {god gift}
 35002 | Spider:4 | Identified the +3 pair of gloves of Nalol {Slay+3} (Okawaru gifted it to you on level 4 of the Spider Nest)
 35368 | Spider:4 | Got a gossamer rune of Zot
 35682 | Elf:1    | Entered Level 1 of the Elven Halls
 36386 | Elf:1    | Found Duddet's Assorted Antiques.
 36421 | Elf:1    | Noticed Asterion
 36440 | Elf:1    | Killed Asterion
 37066 | Elf:2    | Found Foles's Armour Shoppe.
 37078 | Elf:2    | Bought the +9 scales of the Dragon King {rPois rF+ rC+ MR+} for 1747 gold pieces
 37078 | Elf:2    | Found the +9 scales of the Dragon King {rPois rF+ rC+ MR+}
 37667 | Elf:2    | Noticed Nikola
 37677 | Elf:2    | HP: 6/161 [Nikola/chain lightning (33)]
 37677 | Elf:2    | Killed from afar by Nikola

Skill      XL: |  1  2  3  4  5  6  7  8  9 10 11 12 13 14 15 16 17 |
---------------+----------------------------------------------------+-----
Long Blades    | 4 5 6 7 8 10 12 13 15 16 17 18 19 20 | 20.0
Armour         | 1 2 3 4 5 6 8 9 10 12 13 14 15 16 | 16.6
Fighting       | 4 5 6 7 9 10 11 12 13 14 15 16 17 | 17.1
Invocations    | 3 5 6 |  6.0
Shields        | 1 4 5 6 9 11 12 | 12.7
Dodging        | 4 6 7 9 11 12 | 12.5
Evocations     | 2 5 7 |  7.1
Stealth        | |  1.5

Action                   |  1- 3 |  4- 6 |  7- 9 | 10-12 | 13-15 | 16-18 || total
-------------------------+-------+-------+-------+-------+-------+-------++-------
Melee: Falchion          |    61 |   146 |   498 |   810 |       |       ||  1515
       Headbutt          |    11 |    28 |   114 |   243 |   237 |   186 ||   819
       Long sword        |       |       |       |   141 |       |       ||   141
       Great sword       |       |       |       |    32 |    28 |       ||    60
       Scimitar          |       |       |       |       |   427 |    32 ||   459
       Double sword      |       |       |       |       |   546 |   795 ||  1341
       Unarmed           |       |       |       |       |       |    13 ||    13
Throw: Tomahawk          |       |       |       |     3 |       |     3 ||     6
Invok: Heroism           |       |       |     1 |    20 |    17 |     9 ||    47
       Finesse           |       |       |       |     2 |     1 |     1 ||     4
 Abil: Evoke Invisibilit |       |       |       |       |       |     1 ||     1
Evoke: Wand              |       |       |       |    25 |       |    13 ||    38
  Use: Scroll            |       |     5 |    10 |     7 |    15 |    12 ||    49
       Potion            |       |       |     2 |     3 |     3 |     4 ||    12
 Stab: Sleeping          |     4 |       |       |       |       |       ||     4
       Confused          |       |       |       |     1 |       |       ||     1
       Invisible         |       |       |       |       |       |     4 ||     4
  Eat: Chunk             |     1 |     5 |    14 |    17 |    29 |    22 ||    88
       Ration            |       |       |     4 |     2 |     3 |     3 ||    12
Armor: Robe              |     7 |       |       |       |       |       ||     7
       Scale mail        |     6 |    57 |    15 |       |       |       ||    78
       Plate armour      |       |       |   241 |   341 |   288 |   303 ||  1173
       Skin              |       |       |       |    27 |       |       ||    27
       Gold dragon scale |       |       |       |       |       |     3 ||     3
Dodge: Dodged            |    54 |    72 |   130 |   220 |   274 |   333 ||  1083
Block: Buckler           |       |       |    19 |   339 |       |       ||   358
       Reflection        |       |       |       |    11 |    35 |     7 ||    53
       Shield            |       |       |       |    61 |   670 |   658 ||  1389
       Other             |       |       |       |    14 |     5 |     2 ||    21
       Rpst.: Falchion   |    16 |    22 |    43 |    34 |       |       ||   115
       Long sword        |       |       |       |    12 |       |       ||    12
       Great sword       |       |       |       |     8 |     4 |       ||    12
       Scimitar          |       |       |       |       |    27 |       ||    27
       Double sword      |       |       |       |       |    48 |    54 ||   102
